 Dungeon Crawl Stone Soup version 0.29-a0-25-g7f48f510a0 (webtiles) character file.

Game seed: 11327874270736192279

235 Bosse the Magician (level 5, -1/35 HPs)
             Began as a Demonspawn Hedge Wizard on Jan 31, 2022.
             Was a Believer of Kikubaaqudgha.
             Slain by a gnoll (4 damage)
             ... on level 4 of the Dungeon.
             The game lasted 00:17:36 (5899 turns).

Bosse the Magician (Demonspawn Hedge Wizard)        Turns: 5899, Time: 00:17:38

Health: -1/35      AC:  4    Str: 10    XL:     5   Next: 76%
Magic:  1/11       EV: 13    Int: 17    God:    Kikubaaqudgha [**....]
Gold:   136        SH:  0    Dex: 19    Spells: 12/13 levels left

rFire   . . .      SeeInvis .   j - +2 dagger (drain)
rCold   . . .      Faith    .   (no shield)
rNeg    . . .      Spirit   .   b - +0 robe
rPois   .          Reflect  .   c - +0 hat
rElec   .          Harm     .   (no cloak)
rCorr   .          Rampage  .   (no gloves)
Will    .....                   (no boots)
Stlth   ++........              (no amulet)
HPRegen 0.11/turn               m - +6 ring of dexterity
MPRegen 0.12/turn               (no ring)

@: no status effects
A: slimy green scales 1, demonic guardian 1
a: Renounce Religion, Receive Corpses


You were on level 4 of the Dungeon.
You worshipped Kikubaaqudgha.
Kikubaaqudgha was pleased with you.
You visited 1 branch of the dungeon, and saw 4 of its levels.

You collected 136 gold pieces.

Inventory:

Hand Weapons
 a - a +0 dagger
 h - a +1 morningstar of holy wrath
 j - a +2 dagger of draining (weapon)
Armour
 b - a +0 robe (worn)
 c - a +0 hat (worn)
Jewellery
 m - a +6 ring of dexterity (left hand)
Wands
 g - a wand of acid (9)
 k - a wand of charming (6)
Scrolls
 f - 2 scrolls of identify
 l - a scroll of fog {unknown}
 o - a scroll of teleportation
Potions
 d - a potion of brilliance
 e - a potion of resistance {unknown}
 i - a potion of invisibility {unknown}
 n - 2 potions of magic {unknown}


   Skills:
 + Level 0.1 Fighting
 + Level 0.6 Short Blades
 + Level 2.6 Dodging
 + Level 2.5 Stealth
 + Level 4.5 Spellcasting
 + Level 3.0 Conjurations
 + Level 1.0 Summonings
 + Level 0.8 Translocations


You had 12 spell levels left.
You knew the following spells:

 Your Spells              Type           Power      Damage    Failure   Level
a - Magic Dart            Conj           56%        1d5       4%          1

Your spell library contained the following spells:

 Spells                   Type           Power      Damage    Failure   Level
 Shock                    Conj/Air       36%        1d5       9%          1
 Apportation              Tloc           12%        N/A       11%         1
 Animate Skeleton         Necr           6%         N/A       16%         1
 Slow                     Hex            12%        N/A       16%         1
 Blink                    Tloc           12%        N/A       16%         2
 Call Imp                 Summ           7%         N/A       16%         2
 Corpse Rot               Necr/Air       6%         N/A       22%         2
 Sublimation of Blood     Necr           3%         N/A       22%         2
 Conjure Flame            Conj/Fire      9%         6-21      24%         3
 Mephitic Cloud           Conj/Pois/Air  7%         N/A       30%         3
 Lesser Beckoning         Tloc           6%         N/A       32%         3
 Ozocubu's Armour         Ice            3%         N/A       41%         3
 Swiftness                Air            3%         N/A       41%         3
 Vampiric Draining        Necr           3%         2d6       41%         3
 Airstrike                Air            1%         N/A       83%         4
 Manifold Assault         Tloc           6%         N/A       96%         5
 Alistair's Intoxication  Tmut/Pois      2%         N/A       99%         5
 Ozocubu's Refrigeration  Ice            1%         4d5       100%        7


Dungeon Overview and Level Annotations

Branches:
Dungeon (4/15)
 Temple: D:4-7

Altars:
Kikubaaqudgha

Shops:
D:3 (

Annotations:
D:2 1 runed translucent door, Crazy Yiuf


Innate Abilities, Weirdness & Mutations

You are partially covered in slimy green scales. (AC +2)
A weak demonic guardian rushes to your aid.


Message History

You kill the gnoll!
Kikubaaqudgha accepts your kill.
The magic dart hits the gnoll.
The gnoll is severely wounded.
The gnoll hits you but does no damage. The gnoll barely misses you.
You are too depleted to draw on your mana recklessly!
You are too depleted to draw on your mana recklessly!
You barely miss the gnoll.
The gnoll is severely wounded.
The gnoll hits you with a +0 club!
The gnoll hits you from afar with a +1 spear of freezing.
The gnoll freezes you.
You hit the gnoll.
You kill the gnoll!
Kikubaaqudgha accepts your kill. The gnoll barely misses you.
The gnoll hits you but does no damage.
The gnoll hits you from afar with a +1 spear of freezing.
The gnoll freezes you.
The gnoll hits you with a +1 spear of freezing.
A demonic guardian appears!
The gnoll freezes you.
Things that are here:
a +0 club; a +0 whip; a gnoll corpse You hit the gnoll.
The gnoll is moderately wounded.
The gnoll hits you with a +1 spear of freezing.
* * * LOW HITPOINT WARNING * * *
The gnoll freezes you.
* * * LOW HITPOINT WARNING * * *
You hit the gnoll.
The gnoll is heavily wounded.
You hit the gnoll. You drain the gnoll.
The gnoll is almost dead.
The gnoll hits you with a +1 spear of freezing.
* * * LOW HITPOINT WARNING * * *
The gnoll freezes you.
* * * LOW HITPOINT WARNING * * *
The gnoll hits you with a +0 whip.
You die...
Kikubaaqudgha rasps: "You have failed me!
Welcome... death!"

#.#####.#..)..##.##
#.##.>...<....#####
#########'##.#...<......†..
##...............#..........
............#.#......####..)
.........)..#.#.............
.....g......#.#...#######...
.g..######g##.#.............
. #g@5.#.#.#########+
######.#.# #. #.#.# #.
#.#.#########.
#.#........##.
#.########.##. #.# #.##. #.#
#.##. #.########.##.


You could see 2 gnolls and a friendly white imp (summoned).

Vanquished Creatures
  A phantom (D:3)
  2 gnolls (D:4)
  4 adders
  An ufetubus (D:4)
  2 dart slugs
  9 orcs (D:3)
  7 ball pythons
  9 endoplasms
  8 goblins
  7 hobgoblins
  6 jackals
  4 quokkas
  6 bats
  A frilled lizard (D:1)
  6 kobolds
  4 rats
77 creatures vanquished.

Vanquished Creatures (collateral kills)
  A worm (D:2)
  A dart slug (D:1)
2 creatures vanquished.

Vanquished Creatures (others)
  3 fungi
  2 plants (D:1)
5 creatures vanquished.

Grand Total: 84 creatures vanquished

Notes
Turn   | Place    | Note
-------+----------+-------------------------------------------
     0 | D:1      | Bosse the Demonspawn Hedge Wizard began the quest for the
                  | Orb.
     0 | D:1      | Reached XP level 1. HP: 13/13 MP: 4/4
   269 | D:1      | Gained mutation: A weak demonic guardian rushes to your
                  | aid. [demonic ancestry]
   269 | D:1      | Reached XP level 2. HP: 19/19 MP: 0/6
   780 | D:1      | Found a faded altar of an unknown god.
   806 | D:1      | Prayed at the altar of an unknown god.
   806 | D:1      | Became a worshipper of Kikubaaqudgha
   806 | D:1      | Reached * piety under Kikubaaqudgha
   806 | D:1      | Received a gift from Kikubaaqudgha
  1256 | D:1      | Gained mutation: You are partially covered in slimy green
                  | scales. (AC +2) [demonic ancestry]
  1256 | D:1      | Reached XP level 3. HP: 16/24 MP: 0/8
  1988 | D:2      | HP: 1/24 [worm (10)]
  2964 | D:2      | Reached skill level 4 in Spellcasting
  2964 | D:2      | Reached XP level 4. HP: 30/30 MP: 1/10
  3736 | D:2      | Found a runed translucent door.
  3737 | D:2      | Noticed Crazy Yiuf
  4249 | D:3      | Reached ** piety under Kikubaaqudgha
  4434 | D:3      | Found Teixefoa's Antique Weapon Shop.
  4763 | D:3      | Noticed a phantom
  4764 | D:3      | Killed a phantom
  4765 | D:3      | Reached XP level 5. HP: 19/35 MP: 11/11
  5899 | D:4      | Slain by a gnoll

Illustrated notes

Levels and vault maps discovered:
D:1:      eino_arrival_water_star, layout_basic,
          shapermc_ecumenical_altar_ellora
D:2:      minmay_general_purpose_star, layout_loops_cross,
          kennysheep_generic_room_10, uniq_crazy_yiuf_cottage
D:3:      layout_basic, serial_shops, nicolae_square_shop, serial_bayou_pond_b
D:4:      layout_basic

Skill      XL: |  1  2  3  4  5 |
---------------+----------------+-----
Dodging        | 2 |  2.6
Stealth        | 2 |  2.5
Spellcasting   | 4 |  4.5
Conjurations   | 2 3 |  3.0
Fighting       | |  0.1
Short Blades   | |  0.6
Summonings     | |  1.0
Translocations | |  0.8

Action                   |  1- 3 |  4- 6 || total
-------------------------+-------+-------++-------
Melee: Dagger            |    81 |    19 ||   100
       Punch             |     1 |       ||     1
 Cast: Magic Dart        |   123 |   129 ||   252
  Use: Scroll            |     7 |     1 ||     8
Armor: Robe              |    22 |    10 ||    32
Dodge: Dodged            |    79 |    30 ||   109

Table legend: (Time is in decaauts)
 A = Elapsed time spent in this place.
 B = Non-inter-level travel time spent in this place.
 C = Inter-level travel time spent in this place.
 D = Time resting spent in this place.
 E = Time spent auto-exploring this place.
 F = Levels seen in this place.
 G = Mean time per level.
                   A        B        C        D        E       F      G
               +--------+--------+--------+--------+--------+-----+--------+
         Total |   5899 |   5808 |     91 |   1172 |   3693 |   4 | 1474.8 |
       Dungeon |   5899 |   5808 |     91 |   1172 |   3693 |   4 | 1474.8 |
               +--------+--------+--------+--------+--------+-----+--------+

Top non-repeatable levels by time:
     D:2: 2123 daAuts
     D:1: 1721 daAuts
     D:3: 1516 daAuts
     D:4: 538 daAuts
